 Dungeon Crawl Stone Soup version 0.31-a0-174-g85c54bcb58 (webtiles) character file.

Game seed: 10505955101029769108

95 qw the Chopper (level 4, 0/28 HPs)
             Began as a Gargoyle Fighter on June 15, 2023.
             Slain by Sigmund
             ... wielding a +0 scythe
              (2 damage)
             ... on level 3 of the Dungeon.
             The game lasted 00:01:15 (1561 turns).

qw the Chopper (Gargoyle Fighter)                   Turns: 1561, Time: 00:01:16

Health: 0/28       AC: 10    Str: 22    XL:     4   Next: 66%
Magic:  4/4        EV:  9    Int:  8    God:
Gold:   83         SH:  4    Dex:  9    Spells: 3/3 levels left

rFire   . . .        Y - +0 war axe (venom)
rCold   . . .        c - +0 buckler
rNeg    + . .        b - +0 scale mail
rPois   inf          (no helmet)
rElec   +            (no cloak)
rCorr   .            (no gloves)
SInv    .            (no boots)
Will    .....        (no amulet) Stlth
                     (no ring)
HPRegen 0.24/turn    (no ring)
MPRegen 0.09/turn

%: no passive effects
@: no status effects
A: sickness immunity, AC +3, negative energy resistance 1, electricity
resistance, torment resistance 1, petrification resistance
a: no special abilities


You were on level 3 of the Dungeon.
You visited 1 branch of the dungeon, and saw 3 of its levels.

You collected 83 gold pieces.


Innate Abilities, Weirdness & Mutations

You are immune to sickness and miasma.
Your stone body is resilient. (AC +3)
You are immune to poison.
You resist negative energy. (rN+)
You are resistant to electric shocks. (rElec)
You are resistant to unholy torment.
You are immune to petrification.


   Skills:
 - Level 3.2 Fighting
 + Level 4.3 Axes
 - Level 3.2 Armour
 - Level 3.2 Shields


You had 3 spell levels left.
You didn't know any spells.
Your spell library was empty.

Inventory:

Hand Weapons
 g - a +0 whip
 Y - a +0 war axe of venom (weapon)
Armour
 a - a +2 leather armour of cold resistance
 b - a +0 scale mail (worn)
 c - a +0 buckler (worn)
 e - a +0 cloak
Jewellery
 i - a ring of fire
Scrolls
 h - a scroll of identify
 j - 3 scrolls of teleportation
 k - a scroll of fear {unknown}
Potions
 d - 2 potions of might
 f - 2 potions of attraction
 l - a potion of degeneration {unknown}

Dungeon Overview and Level Annotations

Branches:
Dungeon (3/15)

Altars:

Annotations:
D:3 Sigmund


Message History

You block the goblin's attack. The goblin hits you but does no damage.
You closely miss the goblin.
The goblin is moderately wounded.
Sigmund hits you but does no damage. The goblin hits you but does no damage.
You closely miss the goblin.
The goblin is moderately wounded.
Sigmund barely misses you. The goblin barely misses you.
You hit the goblin.
You kill the goblin!
Sigmund flickers, as though insubstantial.
You block Sigmund's attack.
Sigmund points at you and mumbles some strange words.
You resist with some effort.
Things that are here:
a +0 dagger; a goblin corpse You hit Sigmund.
Sigmund is lightly wounded.
Sigmund hits you with a +0 scythe.
You slash Sigmund!
Sigmund is heavily wounded.
Sigmund hits you with a +0 scythe!
You closely miss Sigmund.
Sigmund is heavily wounded.
You barely miss Sigmund.
Sigmund is heavily wounded.
Sigmund barely misses you.
You hit Sigmund.
Sigmund is poisoned.
Sigmund is heavily wounded.
Sigmund casts a spell.
Sigmund flickers and vanishes!
Deactivating autopickup; reactivate with Ctrl-A.
Something hits you.
You closely miss something. You closely miss something. Something hits you.
You barely miss something. Something hits you.
You closely miss something. Something hits you.
You die...

#.########......)....#
#.............######.#
#############%######.#
##.........
########..%###.#.#
...............#
########...#####
##.#### #..@.# ####{#
.# .# .# (# .# .#


There were no monsters in sight!

Vanquished Creatures
  2 adders
  2 worms (D:2)
  A dart slug (D:2)
  4 ball pythons
  5 endoplasms
  4 giant cockroaches
  4 hobgoblins
  6 jackals (D:1)
  5 quokkas
  9 bats
  10 frilled lizards
  6 goblins
  3 kobolds
  6 rats
67 creatures vanquished.

Notes
Turn   | Place    | Note
-------+----------+-------------------------------------------
     0 | D:1      | qw the Gargoyle Fighter began the quest for the Orb.
     0 | D:1      | Reached XP level 1. HP: 14/14 MP: 1/1
     0 | D:1      | 0 ||| qw: Version: 0.2-a-29-g511e9b1
     0 | D:1      | 0 ||| qw: Game counter: 5467
     0 | D:1      | 0 ||| qw: Always use a shield: true
     0 | D:1      | 0 ||| qw: God list: Okawaru
     0 | D:1      | 0 ||| qw: Allow faded altars: false
     0 | D:1      | 0 ||| qw: Do Orc after D:15 true
     0 | D:1      | 0 ||| qw: Do second Lair branch before Depths: true
     0 | D:1      | 0 ||| qw: Lair rune preference: random
     0 | D:1      | 0 ||| qw: Plans: Normal, Zot:1-4, Slime:5, God:TSO, Crypt,
                  | Tomb, Abyss, Pan, Hells, Win
     0 | D:1      | 0 ||| PLANNING D:1-11
    22 | D:1      | 22 ||| Stepping ~*~*~tactically~*~*~ (stealth).
    30 | D:1      | Reached skill level 2 in Axes
    68 | D:1      | Reached XP level 2. HP: 14/19 MP: 2/2
   233 | D:1      | 233 ||| Stepping ~*~*~tactically~*~*~ (stealth).
   240 | D:1      | 240 ||| Stepping ~*~*~tactically~*~*~ (stealth).
   301 | D:1      | 301 ||| Stepping ~*~*~tactically~*~*~ (stealth).
   324 | D:1      | Reached skill level 3 in Axes
   326 | D:1      | Reached XP level 3. HP: 22/23 MP: 3/3
   331 | D:1      | 331 ||| FLEEEEING.
   334 | D:1      | 334 ||| FLEEEEING.
   335 | D:1      | 335 ||| FLEEEEING.
   343 | D:1      | 343 ||| FLEEEEING.
   350 | D:1      | 350 ||| Stepping ~*~*~tactically~*~*~ (stealth).
   792 | D:1      | 792 ||| READING scroll labelled ZESSOUJOZO.
   793 | D:1      | 793 ||| READING 2 scrolls labelled QYEGEL NOUSMOA.
   794 | D:1      | 794 ||| DRINKING 2 golden potions.
   924 | D:2      | 924 ||| Stepping ~*~*~tactically~*~*~ (hiding).
   948 | D:2      | 948 ||| Stepping ~*~*~tactically~*~*~ (stealth).
   949 | D:2      | 949 ||| Stepping ~*~*~tactically~*~*~ (stealth).
   951 | D:2      | 951 ||| Stepping ~*~*~tactically~*~*~ (stealth).
   954 | D:2      | 954 ||| Stepping ~*~*~tactically~*~*~ (stealth).
   956 | D:2      | 956 ||| Stepping ~*~*~tactically~*~*~ (stealth).
   957 | D:2      | 957 ||| Stepping ~*~*~tactically~*~*~ (stealth).
  1043 | D:2      | Reached XP level 4. HP: 28/28 MP: 4/4
  1115 | D:2      | 1115 ||| Stepping ~*~*~tactically~*~*~ (stealth).
  1139 | D:2      | Reached skill level 4 in Axes
  1423 | D:2      | 1423 ||| DROPPING ring of flight.
  1424 | D:2      | 1424 ||| DROPPING ring of magical power.
  1425 | D:2      | 1425 ||| READING scroll labelled CYUTROT OTIC ZIUT.
  1426 | D:2      | 1426 ||| READING 4 scrolls labelled LEEDIZ CEDEFFU.
  1431 | D:2      | 1431 ||| READING scroll labelled RUWUST ROAGH.
  1432 | D:2      | 1432 ||| READING 2 scrolls of identify.
  1432 | D:2      | 1432 ||| IDENTIFYING ruby potion
  1433 | D:2      | 1433 ||| DROPPING potion of ambrosia.
  1542 | D:3      | Noticed Sigmund
  1543 | D:3      | 1543 ||| Stepping ~*~*~tactically~*~*~ (hiding).
  1559 | D:3      | HP: 7/28 [something (3)]
  1560 | D:3      | HP: 2/28 [something (5)]
  1561 | D:3      | Slain by Sigmund

Levels and vault maps discovered:
D:1:      lordsloth_arrival_two_stooges, layout_loops_ring
D:2:      kennysheep_six_static_rooms, layout_basic
D:3:      layout_loops_ring, trog_wizard, uniq_terence, uniq_sigmund,
          uniq_jessica

Skill      XL: |  1  2  3  4 |
---------------+-------------+-----
Axes           | 2 3 4 |  4.3
Fighting       | |  3.2
Armour         | |  3.2
Shields        | |  3.2

Action                     |  1- 3 |  4- 6 || total
---------------------------+-------+-------++-------
  Melee: War axe           |   164 |    55 ||   219
    Use: Scroll            |     2 |     4 ||     6
         Potion            |     1 |       ||     1
 Armour: Scale mail        |    96 |    23 ||   119
  Dodge: Dodged            |    86 |    24 ||   110
  Block: Buckler           |    29 |     7 ||    36

Table legend:
 A = Non-vault XP
 B = Vault XP
 C = Vault XP percentage of total XP
 D = Non-vault monster count
 E = Vault monster count
 F = Vault count percentage of total count
                 A         B        C        D         E       F
            +---------+---------+-------+---------+---------+-------
      Total |     130 |       7 |   5.1 |      61 |       6 |   9.0
            +---------+---------+-------+---------+---------+-------
        D:1 |      56 |       0 |   0.0 |      35 |       0 |   0.0
        D:2 |      57 |       7 |  10.9 |      23 |       6 |  20.7
        D:3 |      17 |       0 |   0.0 |       3 |       0 |   0.0
            +---------+---------+-------+---------+---------+-------
